 Dungeon Crawl Stone Soup version 0.28.0-43-g3370ac3207 (webtiles) character file.

Game seed: 8997583043558862761

14 smarlow the Sneak (level 2, 0/14 HPs)
             Began as a Vine Stalker Enchanter on Mar 18, 2022.
             Slain by a gnoll
             ... wielding a +0 spear
              (2 damage)
             ... on level 1 of the Dungeon.
             The game lasted 00:01:03 (458 turns).

smarlow the Sneak (Vine Stalker Enchanter)           Turns: 458, Time: 00:01:04

Health: 0/14       AC:  2    Str: 10    XL:     2   Next: 45%
Magic:  0/6        EV: 12    Int: 15    God:
Gold:   16         SH:  0    Dex: 14    Spells: 4/6 levels left

rFire   . . .      SeeInvis .   a - +1 dagger
rCold   . . .      Faith    .   (no shield)
rNeg    . . .      Spirit   +   b - +0 robe
rPois   .          Reflect  .   (no helmet)
rElec   .          Harm     .   (no cloak)
rCorr   .          Rampage  .   (no gloves)
Will    .....                   (no boots)
Stlth   ++........              (no amulet)
HPRegen 0.04/turn               (no ring)
MPRegen 0.10/turn               (no ring)

@: no status effects
A: fangs 2, magic shield, antimagic bite, no potion heal 2
a: no special abilities


You were on level 1 of the Dungeon.
You visited 1 branch of the dungeon, and saw 1 of its levels.

You collected 16 gold pieces.

Inventory:

Hand Weapons
 a - a +1 dagger (weapon)
Armour
 b - a +0 robe (worn)
Scrolls
 d - a scroll of teleportation {unknown}
 e - a scroll of enchant armour {unknown}
Potions
 c - a potion of invisibility


   Skills:
 + Level 0.4 Fighting
 + Level 1.0 Short Blades
 + Level 1.7 Dodging
 * Level 3.9 Stealth
 * Level 2.5 Spellcasting
 + Level 3.0 Hexes


You had 4 spell levels left.
You knew the following spells:

 Your Spells              Type           Power      Damage    Failure   Level
a - Ensorcelled Hibernat  Hex/Ice        12%        N/A       17%         2

Your spell library contained the following spells:

 Spells                   Type           Power      Damage    Failure   Level
 Confusing Touch          Hex            11%        N/A       19%         3
 Tukima's Dance           Hex            11%        N/A       19%         3
 Dazzling Flash           Conj/Hex       12%        N/A       32%         3


Dungeon Overview and Level Annotations

Branches:
Dungeon (1/15)

Altars:


Innate Abilities, Weirdness & Mutations

You have extremely sharp teeth.
When hurt, damage is shared between your health and your magic reserves.
Your bite disrupts and absorbs the magic of your enemies.
Potions cannot restore your health.


Message History

You feel invigorated.
The endoplasm is almost dead.
The gnoll misses you. The endoplasm barely misses you.
You hit the endoplasm but do no damage.
The endoplasm is almost dead.
The gnoll hits you from afar with a +0 spear!
* * * LOW HITPOINT WARNING * * *
The endoplasm freezes you.
You are frozen.
* * * LOW HITPOINT WARNING * * *
The endoplasm jiggles.
You barely miss the endoplasm. You bite the endoplasm. You drain its power.
You feel invigorated.
The endoplasm is almost dead.
The endoplasm freezes you.
You are frozen.
* * * LOW HITPOINT WARNING * * *
You hit the endoplasm but do no damage.
You bite the endoplasm, but do no damage.
The endoplasm is almost dead.
The gnoll barely misses you. The endoplasm barely misses you.
You hit the endoplasm.
You kill the endoplasm!
The gnoll hits you from afar with a +0 spear.
* * * LOW HITPOINT WARNING * * *
The gnoll closely misses you. The gnoll misses you.
Aiming: Ensorcelled Hibernation (safe; 17% risk of failure)
Press: ? - help, Q - select action Shift-Dir - straight line, f - gnoll
Aim: a gnoll, wielding a +0 spear (chance to affect: 49%)
The gnoll resists with some effort.
The gnoll misses you.
Aiming: Ensorcelled Hibernation (safe; 17% risk of failure)
Press: ? - help, Q - select action Shift-Dir - straight line, f/p - gnoll
Aim: a gnoll, wielding a +0 spear (chance to affect: 49%)
The gnoll looks drowsy...
You completely miss the kobold.
The gnoll shouts!
The gnoll hits you from afar with a +0 spear.
You die...

###+###K..###.....# #
##.......#....# #
##.....####### ##..###
### ##.#.# ### #.#####
#..K######.#######.#...##
#...###.##...........<..#
##..g###...#....###.....#
###.#gK@#####..# ##...##
##.[### #### ##### ####


You could see a gnoll and a kobold.

Vanquished Creatures
  A ball python (D:1)
  2 endoplasms (D:1)
  A giant cockroach (D:1)
  A goblin (D:1)
  A hobgoblin (D:1)
  A jackal (D:1)
  3 bats (D:1)
  2 kobolds (D:1)
  A rat (D:1)
13 creatures vanquished.

Notes
Turn   | Place    | Note
-------+----------+-------------------------------------------
     0 | D:1      | smarlow the Vine Stalker Enchanter began the quest for the
                  | Orb.
     0 | D:1      | Reached XP level 1. HP: 9/9 MP: 4/4
   270 | D:1      | Reached skill level 1 in Short Blades
   356 | D:1      | Reached XP level 2. HP: 13/13 MP: 6/6
   360 | D:1      | Learned a level 2 spell: Ensorcelled Hibernation
   458 | D:1      | Slain by a gnoll

Illustrated notes

Levels and vault maps discovered:
D:1:      dpeg_cavernosity, layout_rooms, serial_forest,
          infiniplex_forest_corner_1, infiniplex_forest_clump_medium,
          infiniplex_forest_lined_1, infiniplex_forest_end_1,
          infiniplex_forest_3_way, infiniplex_forest_lined_4_way,
          infiniplex_forest_fountain, shapermc_ecumenical_altar_totnotflames,
          hangedman_decor_push, st_stairs_10, minmay_pentomino_w4

Skill      XL: |  1 |
---------------+----+-----
Short Blades   | 1 |  1.0
Fighting       | |  0.4
Dodging        | |  1.7
Stealth        | |  3.9
Spellcasting   | |  2.5
Hexes          | |  3.0

Action                   || total
-------------------------++-------
Melee: Dagger            ||    63
       Bite              ||    12
       Punch             ||     2
 Cast: Ensorcelled Hiber ||     2
Armor: Robe              ||    14
Dodge: Dodged            ||    46
